 Dungeon Crawl Stone Soup version 0.18-a0-1789-gbeff17f (webtiles) character file.

196 vatarom the Covered (level 5, -1/46 HPs)
             Began as a Hill Orc Gladiator on Apr 21, 2016.
             Was an Initiate of Beogh.
             Slain by macross's ghost (6 damage)
             ... on level 4 of the Dungeon.
             The game lasted 00:07:22 (2342 turns).

vatarom the Covered (Hill Orc Gladiator)            Turns: 2342, Time: 00:07:23

Health: -1/46      AC: 12    Str: 18    XL:     5   Next: 75%
Magic:  5/5        EV:  3    Int:  9    God:    Beogh [......]
Gold:   185        SH:  0    Dex: 11    Spells: 0 memorised, 4 levels left

rFire  . . .     SeeInvis .     a - +0 war axe
rCold  . . .     Gourm    .     n - +0 chain mail
rNeg   . . .     Faith    .     (no shield)
rPois  .         Spirit   .     c - +1 helmet
rElec  .         Dismiss  .     (no cloak)
rCorr  .         Reflect  .     (no gloves)
SustAt .         Harm     +     (no boots)
MR     +....                    k - amulet of harm
Stlth  ..........               m - ring of flight
                                e - ring of protection from magic

@: very slightly contaminated, hasted, very quick, somewhat resistant to hostile
enchantments, extremely unstealthy
A: no striking features
a: Renounce Religion, Evoke Flight


You were on level 4 of the Dungeon.
You worshipped Beogh.
Beogh was noncommittal.
You were not hungry.

You visited 1 branch of the dungeon, and saw 4 of its levels.

You collected 185 gold pieces.

Inventory:

Hand Weapons
 a - a +0 war axe (weapon)
Missiles
 d - 3 throwing nets (quivered)
Armour
 b - a +0 leather armour
 c - a +1 helmet (worn)
 n - a +0 chain mail (worn)
Jewellery
 e - a ring of protection from magic (left hand)
 k - an amulet of harm (around neck)
 m - a ring of flight (right hand)
Scrolls
 f - a scroll of identify
Potions
 p - a potion of brilliance
Comestibles
 g - 3 meat rations
 h - 2 beef jerkies
 j - 3 fruits
 o - 2 bread rations


   Skills:
 + Level 3.7 Fighting
 - Level 4.0 Axes
 - Level 2.8 Throwing
 - Level 4.3 Armour
 - Level 2.4 Dodging


You had 4 spell levels left.
You didn't know any spells.

Dungeon Overview and Level Annotations

Branches:
Dungeon (4/15)
 Temple: D:4-7

Altars:
Elyvilon
Nemelex Xobeh
Okawaru
Sif Muna
Trog
Vehumet

Annotations:
D:2 Sigmund
D:4 macross's ghost, amateur DsBe


Message History

You closely miss macross's ghost.
Macross's ghost is severely damaged.
You hit macross's ghost but do no damage.
Macross's ghost is severely damaged.
Macross's ghost barely misses you.
You hit macross's ghost but do no damage.
Macross's ghost is severely damaged.
Macross's ghost barely misses you.
You hit macross's ghost but do no damage.
Macross's ghost is severely damaged.
Macross's ghost hits you.
* * * LOW HITPOINT WARNING * * *
You closely miss macross's ghost.
Macross's ghost is severely damaged.
Macross's ghost hits you but does no damage.
Drink which item? (? for menu, Esc to quit)
Okay, then.
You aren't carrying any items that you can evoke.
Macross's ghost hits you.
You die...

..... ...
..... .?.
#...# ..#
#...#...#
###...#...
.......
#.W.# #@#
#.# #.#
..# ###


You could see macross's ghost.

Vanquished Creatures
  Ijyb (D:2)
  An orc wizard (D:3)
  4 adders
  2 worms (D:2)
  6 dart slugs
  7 orcs (D:3)
  8 bats
  2 giant cockroaches
  6 goblins
  9 hobgoblins
  20 jackals
  8 kobolds
  5 rats
79 creatures vanquished.

Notes
Turn   | Place    | Note
--------------------------------------------------------------
     0 | D:1      | vatarom the Hill Orc Gladiator began the quest for the Orb.
     0 | D:1      | Reached XP level 1. HP: 18/18 MP: 1/1
    30 | D:1      | Reached skill level 1 in Armour
    64 | D:1      | Reached XP level 2. HP: 16/25 MP: 2/2
   265 | D:1      | Reached XP level 3. HP: 29/30 MP: 3/3
   785 | D:2      | Noticed Ijyb
   789 | D:2      | Noticed Sigmund
   797 | D:2      | Reached XP level 4. HP: 37/37 MP: 4/4
  1534 | D:2      | Killed Ijyb
  1646 | D:2      | Reached XP level 5. HP: 42/42 MP: 5/5
  2007 | D:3      | Found a radiant altar of Vehumet.
  2024 | D:3      | Became a worshipper of Beogh the Brigand
  2058 | D:3      | Found a deep blue altar of Sif Muna.
  2059 | D:3      | Found a radiant altar of Vehumet.
  2074 | D:3      | Found a white marble altar of Elyvilon.
  2074 | D:3      | Found a sparkling altar of Nemelex Xobeh.
  2133 | D:3      | Found a bloodstained altar of Trog.
  2134 | D:3      | Found an iron altar of Okawaru.
  2316 | D:4      | Noticed macross's ghost (amateur DsBe)
  2342 | D:4      | Slain by macross's ghost

Vault maps used:
D:1:      minmay_arrival_jagged
D:2:      uniq_sigmund, uniq_iyjb
D:3:      grunt_temple_overflow_open, first_bread, lemuel_tele_altar
D:4:      minmay_bad_closet, grunt_decor_one_mirror, minmay_strange_pillars

Skill      XL: |  1  2  3  4  5 |
---------------+----------------+-----
Armour         | 1 2 3 4 |  4.3
Throwing       | 2 |  2.8
Fighting       | 3 |  3.7
Axes           | |  4.0
Dodging        | |  2.4

Action                   |  1- 3 |  4- 6 || total
-------------------------+-------+-------++-------
Melee: War axe           |   123 |   159 ||   282
Throw: Throwing net      |     1 |     1 ||     2
Invok: Convert to Beogh  |       |     1 ||     1
  Use: Scroll            |     3 |     4 ||     7
       Potion            |       |    10 ||    10
  Eat: Bread ration      |       |     1 ||     1
       Meat ration       |       |     1 ||     1
Armor: Leather armour    |    61 |       ||    61
       Chain mail        |    41 |   124 ||   165
Dodge: Dodged            |   123 |    91 ||   214
